 Dungeon Crawl Stone Soup version 0.17-a0-957-ga3519be (webtiles) character file.

182 Zwobot the Skirmisher (level 5, -1/67 HPs)
             Began as a Formicid Arcane Marksman on May 7, 2015.
             Was an Initiate of Kikubaaqudgha.
             Succumbed to a scorpion's poison
             ... on level 4 of the Dungeon.
             The game lasted 00:13:35 (3729 turns).

Zwobot the Skirmisher (Formicid Arcane Marksman)    Turns: 3729, Time: 00:13:35

Health: -1/67      AC: 26    Str: 17    XL:     5   Next: 93%
Magic:  6/6        EV:  2    Int: 17    God:    Kikubaaqudgha [......]
Gold:   125        SH:  0    Dex: 10    Spells: 2 memorised, 3 levels left

rFire  . . .     SeeInvis .     a - +0 falchion
rCold  . . .     Clarity  .     (armour currently unavailable)
rNeg   + + +     SustAb   .     (no shield)
rPois  +         Gourm    .     (helmet unavailable)
rElec  .         Spirit   .     (cloak currently unavailable)
rCorr  .         Warding  .     (gloves currently unavailable)
rMut   .         Stasis   +     (boots currently unavailable)
MR     +....                    (no amulet)
Stlth  +.........               y - +2 ring of evasion
                                l - +4 ring of protection

@: brilliant, lethally poisoned (-1 -> -16), tree-form (expiring), very slightly
contaminated, invisible, somewhat resistant to hostile enchantments, very
unstealthy
A: permanent stasis, dig shafts and tunnels, four strong arms, (antennae 0),
rugged brown scales 1, magic resistance 1, wild magic 1
a: Renounce Religion


You were on level 4 of the Dungeon.
You worshipped Kikubaaqudgha.
Kikubaaqudgha was noncommittal.
You were very hungry.
You were a tree.
You visited 1 branch of the dungeon, and saw 4 of its levels.

You collected 125 gold pieces.

Inventory:

Hand weapons
 a - a +0 falchion (weapon)
 b - a +0 hand crossbow
 h - a +3 short sword
 j - a +0 hunting sling
 p - a +0 hunting sling
 q - a +0 short sword
 t - a +0 dagger
 v - a +0 dagger
 A - a +0 flail
 D - a +0 spear
Missiles
 c - 34 bolts
 k - 22 sling bullets
 s - 31 poisoned needles
 w - 156 stones (quivered)
Armour
 g - a +0 robe
 i - a +0 ring mail
 u - a +0 leather armour
 B - a cursed +0 chain mail (melded)
Jewellery
 l - a +4 ring of protection (left branch)
 y - a +2 ring of evasion (right branch)
 E - a +4 ring of strength {unknown}
Scrolls
 z - a scroll of immolation {unknown}
 C - a scroll of fog
 F - a scroll of identify
Potions
 e - a potion of brilliance
 o - a potion of cancellation
Books
 d - a book of Debilitation

   Spells                             Type                      Level
   a - Corona                         Hexes                        1
   b - Slow                           Hexes                        2
   c - Gell's Gravitas                Hexes/Translocation          3
   d - Inner Flame                    Hexes/Fire                   3
   e - Cause Fear                     Hexes                        4
   f - Leda's Liquefaction            Hexes/Earth                  4
Comestibles
 f - 2 bread rations
 m - 2 meat rations


   Skills:
 - Level 5.0 Fighting
 * Level 1.7 Long Blades
 - Level 2.0 Crossbows
 + Level 1.6 Armour
 - Level 1.7 Dodging
 - Level 1.1 Spellcasting
 - Level 3.6 Hexes


You had 3 spell levels left.
You knew the following spells:

 Your Spells              Type           Power        Failure   Level  Hunger
a - Corona                Hex            #####..      1%          1    ##.....
b - Slow                  Hex            #####...     2%          2    ###....


Dungeon Overview and Level Annotations

Branches:
Dungeon (4/15)
 Temple: D:4-7

Altars:
Fedhas
Kikubaaqudgha
Nemelex Xobeh


Innate Abilities, Weirdness & Mutations

You are under a permanent stasis effect.
You can dig through walls and to a lower floor.
Your four strong arms can wield two-handed weapons with a shield.
((You have a pair of large antennae on your head (SInv).))
(You are partially covered in rugged brown scales (AC +1, +3% HP).)
You are resistant to hostile enchantments.
Your spells are a little harder to cast, but a little more powerful.


Message History

The scorpion is heavily wounded.
* * * LOW HITPOINT WARNING * * *
You feel sick.
The scorpion stings you but does no damage. x2
Unknown command.
You hit the scorpion but do no damage.
The scorpion is heavily wounded.
* * * LOW HITPOINT WARNING * * *
You feel sick.
The scorpion stings you but does no damage.
Unknown command.
You closely miss the scorpion.
The scorpion is heavily wounded.
* * * LOW HITPOINT WARNING * * *
You feel sick.
The scorpion stings you but does no damage.
You hit the scorpion.
The scorpion is almost dead.
You die...
Kikubaaqudgha rasps: "You have failed me!
Welcome... death!"

,* *######..####[# ,*
*..((......##.# ,******
*.##.......##.## ,,,,,,*
*,*#.......##..########## *****,*
*,*#.(.....##............ *,*
*,*#..(....##..##.##..... *****,*
#.##.(.....##.##.#.##.#.# **,,,,*
#.......s..##.#..#...###.
*,,,,,**#####.##♣####.##.#.##.#.#
,,,,,,,*****#.*#.#* #..##.##.....
,,,,,,,,,,,,.,,...# ##...........
,,,,,,,*******###.# ####.######.
*,,,,,** #.# #........ **,,,**
#.# ########. ****** #.# #. * #.#
#. * #.# #.


You could see a scorpion.

Vanquished Creatures
  An iguana (D:4)
  7 adders
  An ooze (D:1)
  4 worms (D:2)
  2 giant geckos
  3 orcs (D:3)
  7 bats
  6 giant cockroaches
  8 goblins
  5 hobgoblins
  5 jackals
  12 kobolds
  4 giant newts
  8 rats
73 creatures vanquished.

Notes
Turn   | Place    | Note
--------------------------------------------------------------
     0 | D:1      | Zwobot, the Formicid Arcane Marksman, began the quest for the Orb.
     0 | D:1      | Reached XP level 1. HP: 15/15 MP: 2/2
   291 | D:1      | Reached XP level 2. HP: 22/22 MP: 1/3
   819 | D:1      | Reached XP level 3. HP: 24/28 MP: 1/4
  1535 | D:2      | Reached skill level 4 in Fighting
  1535 | D:2      | Reached XP level 4. HP: 37/37 MP: 5/5
  1904 | D:2      | Learned a level 2 spell: Slow
  2164 | D:2      | Reached XP level 5. HP: 23/43 MP: 4/6
  2361 | D:2      | Found a blossoming altar of Fedhas.
  2766 | D:3      | Reached skill level 5 in Fighting
  2828 | D:3      | Found an ancient bone altar of Kikubaaqudgha.
  2833 | D:3      | Became a worshipper of Kikubaaqudgha
  3002 | D:3      | Reached skill level 1 in Armour
  3199 | D:3      | Found a sparkling altar of Nemelex Xobeh.
  3349 | D:4      | Reached skill level 1 in Long Blades
  3721 | D:4      | Gained mutation: You are resistant to hostile enchantments. [potion of mutation]
  3721 | D:4      | Gained mutation: Your spells are a little harder to cast, but a little more powerful. [potion of mutation]
  3721 | D:4      | Gained mutation: You are partially covered in rugged brown scales (AC +1, +3% HP). [potion of mutation]
  3727 | D:4      | HP: 3/67 [poisoned by a scorpion]
  3728 | D:4      | HP: 1/67 [poisoned by a scorpion]
  3729 | D:4      | Succumbed to a scorpion's poison

Action                   |  1- 3 |  4- 6 || total
-------------------------+-------+-------++-------
Melee: Spear             |   159 |   259 ||   418
       Falchion          |       |    61 ||    61
 Fire: Hand crossbow     |     3 |     4 ||     7
 Cast: Corona            |    35 |    11 ||    46
  Use: Scroll            |     5 |     3 ||     8
       Potion            |       |     4 ||     4
 Stab: Invisible         |       |     1 ||     1
  Eat: Chunk             |     4 |     7 ||    11
